AoeStats
← Delacoal

Arena

509899341Analyzed
2v2 RM · 2d ago on Sep 28, 2026· 112m 44s· 4 players
Game mode
Random Map
Map size
Medium (4 player)
Population
200
Speed
Normal
Resources
Standard
Victory
Conquest
Starting age
Dark Age
Ending age
Imperial Age
RankedLock teamsTeams togetherTeam positionsShared explorationLock speedFull tech treeHidden civsTurbo modeCheats
Victory
Defeat
🇦🇷 Romans · Argentina
668
+15
🇦🇷 Persians · Argentina
652
+16
🇬🇧 Persians · United Kingdom
682
-17
🇺🇸 Khmer · United States
611
-21
Darioo091867
13:21 Feudal Age
14:07 Horse Collar
14:32 Double-Bit Axe
16:28 Man-at-Arms
17:26 Scale Mail Armor
17:36 Forging
20:48 Castle Age
23:58 Heavy Plow
25:49 Bow Saw
26:30 Long Swordsman
26:56 Gambesons
30:18 Stone Mining
30:18 Gold Mining
30:37 Pikeman
31:17 Squires
34:27 Stone Shaft Mining
35:02 Forging
35:09 Chain Mail Armor
38:48 Imperial Age
40:06 Plate Mail Armor
39:45 Scale Barding Armor
40:08 Cavalier
43:15 Halberdier
43:56 Squires
45:43 Iron Casting
45:35 Chain Barding Armor
49:10 Kamandaran
51:21 Crossbowman
52:06 Thumb Ring
51:53 Savar
53:59 Padded Archer Armor
53:49 Fletching
55:00 Blast Furnace
54:36 Plate Barding Armor
57:53 Ballistics
58:03 Elite War Elephant
58:49 Husbandry
80:15 Chemistry
83:56 Two-Man Saw
100:05 Light Cavalry
101:42 Bloodlines
101:13 Hussar
PulpoPol
4:14 Loom
11:41 Feudal Age
12:20 Horse Collar
12:30 Double-Bit Axe
15:25 Loom
19:26 Castle Age
22:24 Bow Saw
22:42 Forging
24:14 Heavy Plow
25:24 Iron Casting
24:49 Scale Mail Armor
25:53 Redemption
27:52 Fervor
31:44 Imperial Age
29:51 Wheelbarrow
30:18 Gold Mining
30:19 Stone Mining
31:01 Man-at-Arms
33:01 Illumination
33:01 Block Printing
32:56 Heavy Scorpion
33:58 Ballistics
34:38 Chemistry
33:02 Pikeman
34:11 Long Swordsman
35:01 Siege Engineers
35:08 Halberdier
37:24 Ballistas
37:40 Comitatenses
37:42 Conscription
36:45 Legionary
38:04 Hand Cart
39:31 Scale Barding Armor
39:42 Chain Mail Armor
40:28 Blast Furnace
39:44 Murder Holes
40:00 Masonry
41:54 Capped Ram
43:24 Siege Ram
61:26 Caravan
61:37 Guilds
68:22 Gold Shaft Mining
109:40 Spies/Treason
SweatyMalaka330
0:32 Loom
11:45 Feudal Age
12:30 Double-Bit Axe
13:36 Wheelbarrow
19:17 Castle Age
18:52 Bloodlines
20:31 Forging
24:52 Husbandry
29:35 Scale Barding Armor
30:06 Iron Casting
29:23 Fletching
30:43 Chain Barding Armor
31:22 Bow Saw
31:59 Bodkin Arrow
31:52 Horse Collar
36:02 Imperial Age
34:26 Hand Cart
36:05 Gold Mining
36:47 Double Crossbow
37:08 Heavy Scorpion
39:02 Gold Shaft Mining
39:17 Ballistics
39:03 Bracer
39:40 Plate Barding Armor
41:53 Blast Furnace
42:05 Siege Engineers
42:43 Town Watch
83:56 Elite Battle Elephant
Delacoal
11:15 Feudal Age
12:23 Horse Collar
12:29 Double-Bit Axe
15:58 Castle Age
18:54 Bow Saw
22:58 Fletching
23:33 Heavy Plow
26:16 Wheelbarrow
27:37 Hand Cart
27:56 Gold Mining
28:26 Loom
28:28 Town Watch
28:41 Bodkin Arrow
29:23 Kamandaran
30:03 Gold Shaft Mining
33:42 Imperial Age
31:15 Town Patrol
30:44 Crossbowman
31:29 Thumb Ring
31:38 Thumb Ring
33:15 Stone Mining
33:44 Husbandry
33:55 Bloodlines
33:49 Padded Archer Armor
33:55 Scale Barding Armor
34:01 Forging
35:27 Conscription
35:44 Hoardings
34:36 Cavalier
36:46 Chain Barding Armor
37:02 Iron Casting
36:42 Leather Archer Armor
37:44 Caravan
38:20 Savar
41:09 Crop Rotation
41:43 Two-Man Saw
42:05 Ballistics
42:46 Chemistry
41:57 Masonry
41:44 Murder Holes
43:52 Blast Furnace
43:22 Ring Archer Armor
43:28 Plate Barding Armor
43:32 Elite War Elephant
54:02 Light Cavalry
56:47 Hussar
95:34 Coinage
95:16 Guilds
Connection lost

Rejoining the realm…

Still unreachable

The connection could not be restored.

Session expired

The server has moved on; the page needs a fresh start.